 Dungeon Crawl Stone Soup version 0.29-a0-283-ga02f740833 (webtiles) character file.

Game seed: 9289960187447072245

79 enile the Magician (level 4, -13/35 HPs)
             Began as a Demonspawn Wanderer on Mar 13, 2022.
             Was a Follower of Makhleb.
             Blown up by Ijyb (14 damage)
             ... with a mindburst bolt
             ... on level 3 of the Dungeon.
             The game lasted 00:03:39 (2960 turns).

enile the Magician (Demonspawn Wanderer)            Turns: 2960, Time: 00:03:40

Health: -13/35     AC:  8    Str: 13    XL:     4   Next: 16%
Magic:  1/10       EV: 12    Int: 12    God:    Makhleb [*.....]
Gold:   92         SH:  0    Dex: 15    Spells: 10/11 levels left

rFire   . . .      SeeInvis .   a - +1 dagger (vorpal)
rCold   . . .      Faith    .   (no shield)
rNeg    . . .      Spirit   .   e - +3 leather armour
rPois   .          Reflect  .   (helmet restricted)
rElec   .          Harm     .   (no cloak)
rCorr   .          Rampage  .   (no gloves)
Will    +....                   (no boots)
Stlth   +.........              (no amulet)
HPRegen 0.11/turn               f - ring of willpower
MPRegen 0.12/turn               j - ring of wizardry

@: no status effects
A: antennae 1, thin metallic scales 1, powered by death 1
a: Renounce Religion


You were on level 3 of the Dungeon.
You worshipped Makhleb.
Makhleb was aware of your devotion.
You visited 1 branch of the dungeon, and saw 3 of its levels.

You collected 92 gold pieces.

Inventory:

Hand Weapons
 a - a +1 vorpal dagger (weapon)
Missiles
 d - 55 stones (quivered)
Armour
 e - a +3 leather armour (worn)
Jewellery
 f - a ring of willpower (left hand)
 i - a ring of willpower
 j - a ring of wizardry (right hand)
Potions
 b - a potion of lignification


   Skills:
 - Level 3.0 Fighting
 + Level 1.8 Armour
 - Level 3.0 Dodging
 - Level 4.0 Spellcasting
 - Level 1.0 Earth Magic
 - Level 1.0 Evocations


You had 10 spell levels left.
You knew the following spells:

 Your Spells              Type           Power      Damage    Failure   Level
a - Sandblast             Erth           8%         2d5       8%          1

Your spell library contained the following spells:

 Spells                   Type           Power      Damage    Failure   Level
 Stone Arrow              Conj/Erth      6%         3d7       26%         3


Dungeon Overview and Level Annotations

Branches:
Dungeon (3/15)

Altars:
Makhleb

Annotations:
D:3 Ijyb


Innate Abilities, Weirdness & Mutations

You have a pair of small antennae on your head.
You are partially covered in thin metallic scales. (AC +2)
You regenerate a little health from kills.


Message History

Casting: Sandblast (safe; 6% risk of failure)
Confirm with . or Enter, or press ? or * to list all spells.
You don't have enough magic to cast this spell.
Unknown command.
You hit the orc.
The orc is severely wounded.
Ijyb's inner flame fades away.
The orc hits you but does no damage. Ijyb screams, "Me stronger than you!"
You barely miss the orc.
The orc is severely wounded.
The orc hits you but does no damage. x2
You hit the orc.
You kill the orc!
Makhleb accepts your kill.
You feel better. The orc hits you with a +0 mace.
You hit the endoplasm but do no damage.
The endoplasm hits you but does no damage.
The orc hits you but does no damage.
You hit the endoplasm.
The endoplasm is moderately wounded.
The endoplasm freezes you.
You are frozen.
The orc hits you with a +0 mace.
You hit the endoplasm.
The endoplasm is severely wounded.
The endoplasm hits you but does no damage.
The orc hits you with a +0 mace.
You hit the endoplasm.
You kill the endoplasm!
Makhleb accepts your kill.
You feel better. The orc hits you but does no damage.
Okay, then.
You hit Ijyb but do no damage.
You feel less wooden.
Your +3 leather armour unmelds from your body.
The orc hits you with a +0 mace.
Ijyb zaps a wand.
Your mind is blasted!
* * * LOW HITPOINT WARNING * * *
Okay, then.
The orc attacks as you move away! The orc hits you but does no damage.
Ijyb zaps a wand.
Your mind is blasted!
You die...

.## ..# #.# #.# #.#
######.#
.####......##########
........##..........#
..#..##@###########.#
...# #.# #.#
.....(go# #.#
..##.(.o# #.# ##
#..).. #.# #. .(...).
#.# #. (##.(#(..
#.###. # #....#.
#..... (.##...#
#####.


You could see Ijyb and 2 orcs.

Vanquished Creatures
  An orc wizard (D:3)
  2 dart slugs
  5 orcs (D:3)
  4 endoplasms
  3 giant cockroaches
  5 goblins
  3 hobgoblins (D:2)
  2 jackals (D:1)
  6 kobolds
  2 quokkas
  2 ball pythons (D:2)
  2 bats (D:2)
  3 rats (D:1)
40 creatures vanquished.

Notes
Turn   | Place    | Note
-------+----------+-------------------------------------------
     0 | D:1      | enile the Demonspawn Wanderer began the quest for the Orb.
     0 | D:1      | enile set off with the following items: a +0 dagger, a
                  | potion of lignification, a scroll of fear, 26 stones, a +2
                  | leather armour; and the following spell memorised:
                  | Sandblast; and the following spells available to memorise:
                  | Stone Arrow
     0 | D:1      | Reached XP level 1. HP: 15/15 MP: 5/5
   956 | D:1      | Gained mutation: You have a pair of small antennae on your
                  | head. [demonic ancestry]
   956 | D:1      | Reached XP level 2. HP: 22/22 MP: 5/7
  1228 | D:1      | Found a faded altar of an unknown god.
  1333 | D:1      | Prayed at the altar of an unknown god.
  1333 | D:1      | Became a worshipper of Makhleb the Destroyer
  1333 | D:1      | Reached * piety under Makhleb
  1880 | D:2      | Gained mutation: You regenerate a little health from kills.
                  | [demonic ancestry]
  1880 | D:2      | Reached XP level 3. HP: 28/28 MP: 6/8
  2912 | D:3      | Noticed Ijyb
  2950 | D:3      | Reached skill level 1 in Armour
  2950 | D:3      | Gained mutation: You are partially covered in thin metallic
                  | scales. (AC +2) [demonic ancestry]
  2950 | D:3      | Reached XP level 4. HP: 28/35 MP: 1/10
  2959 | D:3      | HP: 1/35 [disintegration (13)]
  2960 | D:3      | Blown up by Ijyb

Illustrated notes

Levels and vault maps discovered:
D:1:      lightli_arrival_noodles, layout_basic,
          ebering_ecumenical_altar_petrified, roderic_lattice_a
D:2:      mumra_celtic_spiral_tile, layout_basic
D:3:      layout_loops_ring, mainiacjoe_overflow_two_lobes, st_stairs_11,
          hangedman_decor_opposing, hangedman_abyss_or_decor_lesser_grid,
          uniq_grinder, uniq_ijyb

Skill      XL: |  1  2  3 |
---------------+----------+-----
Fighting       | 2 3 |  3.0
Dodging        | 3 |  3.0
Armour         | 1 |  1.8
Spellcasting   | |  4.0
Earth Magic    | |  1.0
Evocations     | |  1.0

Action                   |  1- 3 |  4- 6 || total
-------------------------+-------+-------++-------
Melee: Dagger            |    91 |     8 ||    99
Throw: Stone             |    13 |       ||    13
 Cast: Sandblast         |    44 |     1 ||    45
  Use: Scroll            |     6 |       ||     6
       Potion            |     2 |       ||     2
Armor: Skin              |    21 |     7 ||    28
       Leather armour    |    40 |     1 ||    41
Dodge: Dodged            |    74 |       ||    74

Table legend: (Time is in decaauts)
 A = Elapsed time spent in this place.
 B = Non-inter-level travel time spent in this place.
 C = Inter-level travel time spent in this place.
 D = Time resting spent in this place.
 E = Time spent auto-exploring this place.
 F = Levels seen in this place.
 G = Mean time per level.
                   A        B        C        D        E       F      G
               +--------+--------+--------+--------+--------+-----+--------+
         Total |   2959 |   2894 |     65 |      0 |   2616 |   3 |  986.3 |
       Dungeon |   2959 |   2894 |     65 |      0 |   2616 |   3 |  986.3 |
               +--------+--------+--------+--------+--------+-----+--------+

Top non-repeatable levels by time:
     D:2: 1470 daAuts
     D:1: 1412 daAuts
     D:3: 77 daAuts
